AoeStats
← Prenzel03049

Lombardia

510104595Analyzed
3v3 RM · 4d ago on Sep 29, 2026· 41m 52s· 6 players
Game mode
Random Map
Map size
Normal (6 player)
Population
200
Speed
Normal
Resources
Standard
Victory
Conquest
Starting age
Dark Age
Ending age
Imperial Age
RankedLock teamsTeams togetherTeam positionsShared explorationLock speedFull tech treeHidden civsTurbo modeCheats
Victory
Defeat
🇹🇼 Chinese · Taiwan
1229
+13
🇹🇼 Poles · Taiwan
1229
+13
🇹🇼 Hindustanis · Taiwan
1228
+14
🇩🇪 Mongols · Germany
1195
-14
🇨🇳 Slavs · China
1168
-13
🇭🇰 Saracens · Hong Kong SAR China
1160
-13
Prenzel03049
3:46 Loom
10:47 Feudal Age
14:31 Bloodlines
16:33 Scale Barding Armor
18:48 Horse Collar
23:35 Castle Age
21:40 Double-Bit Axe
22:26 Forging
22:30 Gold Mining
22:30 Stone Mining
22:36 Stone Mining
25:17 Husbandry
25:29 Heavy Plow
26:12 Wheelbarrow
25:22 Town Watch
26:21 Bow Saw
29:05 Chain Barding Armor
29:58 Pikeman
30:38 Squires
34:25 Stone Shaft Mining
34:33 Thumb Ring
SUNNYCHAN
12:18 Feudal Age
17:43 Castle Age
16:22 Double-Bit Axe
16:34 Horse Collar
19:07 Wheelbarrow
23:12 Bow Saw
23:19 Heavy Plow
26:40 Hand Cart
26:44 Gold Mining
26:46 Stone Mining
27:36 Loom
27:37 Town Watch
28:57 Gold Shaft Mining
29:09 Padded Archer Armor
29:00 Fletching
29:44 Elite Skirmisher
30:41 Leather Archer Armor
30:21 Bodkin Arrow
30:31 Pikeman
31:12 Squires
31:07 Gambesons
31:44 Thumb Ring
33:43 Crossbowman
38:01 Imperial Age
35:33 Scale Mail Armor
37:23 Forging
37:13 Scale Mail Armor
37:18 Scale Barding Armor
37:38 Scale Barding Armor
39:08 Iron Casting
墨子
11:34 Feudal Age
12:29 Loom
16:37 Double-Bit Axe
19:10 Castle Age
17:17 Horse Collar
20:27 Bloodlines
21:04 Bow Saw
25:50 Wheelbarrow
25:13 Gold Mining
29:26 Scale Barding Armor
29:53 Hand Cart
30:31 Chain Barding Armor
30:14 Husbandry
35:59 Forging
38:34 Pikeman
41:14 Scale Mail Armor
Sep
0:32 Loom
9:32 Feudal Age
11:10 Double-Bit Axe
12:03 Horse Collar
13:33 Scale Barding Armor
24:10 Castle Age
22:03 Gold Mining
22:50 Fletching
23:00 Padded Archer Armor
23:19 Bloodlines
25:03 Thumb Ring
24:59 Bodkin Arrow
25:20 Leather Archer Armor
25:51 Husbandry
27:20 Gold Shaft Mining
28:00 Bow Saw
33:51 Ballistics
42:15 Imperial Age
40:28 Wheelbarrow
39:39 Town Watch
yoyo
8:05 Loom
10:17 Feudal Age
14:08 Castle Age
14:15 Double-Bit Axe
16:41 Bow Saw
16:29 Horse Collar
20:24 Gold Mining
21:08 Stone Mining
23:09 Wheelbarrow
23:16 Gold Shaft Mining
23:49 Heavy Plow
24:40 Pikeman
25:21 Squires
25:06 Arson
27:16 Forging
27:08 Scale Mail Armor
29:14 Stone Shaft Mining
33:30 Imperial Age
31:17 Hand Cart
30:47 Town Watch
32:57 Scale Barding Armor
33:28 Iron Casting
33:10 Fortified Wall
33:53 Grand Trunk Road
34:48 Bloodlines
34:39 Husbandry
35:04 Chain Barding Armor
34:33 Heavy Camel Rider
36:32 Blast Furnace
36:16 Town Patrol
37:11 Conscription
37:54 Plate Barding Armor
38:41 Imperial Camel Rider
w306090
11:52 Feudal Age
13:12 Double-Bit Axe
16:09 Castle Age
14:53 Horse Collar
18:14 Bow Saw
19:16 Heavy Plow
21:30 Szlachta Privileges
23:12 Scale Barding Armor
23:45 Forging
25:11 Bloodlines
25:01 Husbandry
25:30 Chain Barding Armor
25:54 Wheelbarrow
25:35 Town Watch
28:21 Hand Cart
32:20 Gold Mining
32:22 Stone Mining
33:07 Town Patrol
34:47 Iron Casting
40:37 Imperial Age
38:23 Fletching
40:30 Loom
41:39 Caravan
43:00 Blast Furnace
41:40 Cavalier
Connection lost

Rejoining the realm…

Still unreachable

The connection could not be restored.

Session expired

The server has moved on; the page needs a fresh start.